 Dungeon Crawl Stone Soup version 0.23-a0-395-gcf17ac6 (webtiles) character file.

286 sleepydude the Skirmisher (level 6, -8/39 HPs)
             Began as a Gargoyle Fighter on Nov 1, 2018.
             Killed by divine providence
             ... invoked by an orc priest
              (14 damage)
             ... on level 4 of the Dungeon.
             The game lasted 00:03:37 (2499 turns).

sleepydude the Skirmisher (Gargoyle Fighter)        Turns: 2499, Time: 00:03:38

Health: -8/39      AC: 12    Str: 21    XL:     6   Next: 30%
Magic:  6/6        EV:  8    Int:  9    God:
Gold:   126        SH:  9    Dex:  9    Spells: 5/5 levels left

rFire    . . .     SeeInvis .   a - +0 flail
rCold    . . .     Gourm    .   c - +0 shield
rNeg     + . .     Faith    .   b - +0 scale mail
rPois    ∞         Spirit   .   p - +0 helmet
rElec    +         Reflect  .   (no cloak)
rCorr    .         Harm     .   (no gloves)
MR       .....                  (no boots)
Stlth    +.........             g - amulet of magic regeneration
HPRegen  0.13/turn              r - ring of stealth
MPRegen  0.35/turn              (no ring)

@: no status effects
A: negative energy resistance 1, electricity resistance, unbreathing,
petrification resistance, rot immunity, AC +4
a: no special abilities


You were on level 4 of the Dungeon.
You were not hungry.

You visited 1 branch of the dungeon, and saw 4 of its levels.

You collected 126 gold pieces.

Inventory:

Hand Weapons
 a - a +0 flail (weapon)
Armour
 b - a +0 scale mail (worn)
 c - a +0 shield (worn)
 p - a +0 helmet (worn)
Jewellery
 g - an amulet of magic regeneration (around neck)
 r - a ring of stealth (left hand)
Scrolls
 h - 2 scrolls of teleportation {unknown}
 i - a scroll of magic mapping {unknown}
 j - 3 scrolls of identify {unknown}
 k - 4 scrolls of remove curse {unknown}
 q - 2 scrolls of fear {unknown}
Potions
 d - a potion of might
 e - a potion of cancellation {unknown}
 l - a potion of heal wounds {unknown}
 n - a potion of flight {unknown}
 o - a potion of curing {unknown}
Comestibles
 f - 5 rations
 m - 2 chunks of flesh


   Skills:
 + Level 4.7 Fighting
 + Level 3.4 Maces & Flails
 + Level 4.6 Armour
 + Level 0.7 Dodging
 + Level 4.5 Shields


You had 5 spell levels left.
You didn't know any spells.
Your spell library was empty.

Dungeon Overview and Level Annotations

Branches:
Dungeon (4/15)
 Temple: D:4-7

Altars:


Innate Abilities, Weirdness & Mutations

You are resistant to torment.
Your stone body is resilient. (AC +4)
You are immune to poison.
You resist negative energy. (rN+)
You are resistant to electric shocks. (rElec)
You can survive without breathing.
You are immune to petrification.
You are immune to rotting.


Message History

You block the hound skeleton's attack. The orc hits you but does no damage.
The orc wizard hits you but does no damage.
The scorpion stings you but does no damage.
The hound skeleton barely misses you. The orc wizard misses you.
The orc priest calls down the wrath of Beogh upon you.
Beogh smites you!
* * * LOW HITPOINT WARNING * * *
The orc barely misses you.
You are too injured to fight recklessly!
You are too injured to fight recklessly!
You are too injured to fight recklessly!
You are too injured to fight recklessly!
You are too injured to fight recklessly!
You are too injured to fight recklessly!
You hit the orc priest.
The orc priest is moderately wounded.
The hound skeleton barely misses you. You block the scorpion's attack.
The orc priest mumbles some strange prayers to Beogh against you.
Beogh smites you!
You die...

##....##.....
..........o ..
##.........#..#
........).#....
..............
#..........#
#.sZo.....##
#.@o......#.
#.#o.#......
####<..# #
##.## ##


You could see a scorpion, an orc priest, an orc wizard, 2 orcs and a hound
skeleton.

Vanquished Creatures
  A howler monkey (D:4)
  2 hounds
  An orc wizard (D:3)
  6 adders
  An ooze (D:3)
  2 worms
  3 dart slugs
  5 leopard geckos
  6 orcs (D:3)
  13 bats
  2 giant cockroaches
  6 goblins
  9 hobgoblins
  9 kobolds
  2 quokkas (D:3)
  5 frilled lizards
  14 rats
87 creatures vanquished.

Notes
Turn   | Place    | Note
-------+----------+-------------------------------------------
     0 | D:1      | sleepydude the Gargoyle Fighter began the quest for the
                  | Orb.
     0 | D:1      | Reached XP level 1. HP: 14/14 MP: 1/1
   144 | D:1      | Reached XP level 2. HP: 19/19 MP: 2/2
   456 | D:1      | Reached XP level 3. HP: 24/24 MP: 3/3
  1029 | D:2      | Reached XP level 4. HP: 20/29 MP: 4/4
  1345 | D:2      | Reached XP level 5. HP: 32/33 MP: 5/5
  2478 | D:4      | Reached XP level 6. HP: 39/39 MP: 6/6
  2499 | D:4      | Killed from afar by an orc priest

Vault maps used:
D:1:      dpeg_arrival_subterranean_lakeside_camping, serial_forest,
          infiniplex_forest_diagonal, infiniplex_forest_clump_small,
          infiniplex_forest_clump_long, infiniplex_forest_lined_3_way,
          infiniplex_forest_clump_small, infiniplex_forest_corner_2,
          infiniplex_forest_clump_cross
D:2:      first_ration
D:4:      hangedman_abyss_or_decor_stabs, lemuel_statue_altar, uniq_natasha

Skill      XL: |  1  2  3  4 |
---------------+-------------+-----
Fighting       | 4 |  4.7
Armour         | 4 |  4.6
Shields        | 4 |  4.5
Maces & Flails | 3 |  3.4
Dodging        | |  0.7

Action                   |  1- 3 |  4- 6 || total
-------------------------+-------+-------++-------
Melee: Flail             |   158 |   254 ||   412
  Use: Potion            |       |     1 ||     1
  Eat: Chunk             |     1 |     5 ||     6
Armor: Scale mail        |   102 |   198 ||   300
Dodge: Dodged            |    63 |   121 ||   184
Block: Shield            |   119 |   189 ||   308

Table legend:
 A = Non-vault XP
 B = Vault XP
 C = Vault XP percentage of total XP
 D = Non-vault monster count
 E = Vault monster count
 F = Vault count percentage of total count
                 A         B        C        D         E       F
            +---------+---------+-------+---------+---------+-------
      Total |     400 |       9 |   2.2 |      81 |       6 |   6.9
            +---------+---------+-------+---------+---------+-------
        D:1 |      46 |       9 |  16.4 |      25 |       6 |  19.4
        D:2 |     138 |       0 |   0.0 |      29 |       0 |   0.0
        D:3 |     118 |       0 |   0.0 |      25 |       0 |   0.0
        D:4 |      98 |       0 |   0.0 |       2 |       0 |   0.0
            +---------+---------+-------+---------+---------+-------
